Map: Ultralove

Players

Lambo

  • Race: Zerg Zerg
  • League: Master
  • Spawn Location: 1:00

A.I. 1 (Very Easy)

  • Race: Zerg Zerg
  • Spawn Location: 7:00

VOD

Have the link to the VOD?

Description

Time

  • Played on: Jan. 23, 2025, 2:04 p.m.
  • Length: 7:58
Show
View Real Time Build Order
Export as new Build Order

Lambo Zerg 

Build Orders: Hatch First, Roach Nydus 

Get SALT Encoding   

  1  0:00  Overlord, Drone x12, Lair  
  13  0:07  Unknown x2  
  13  0:12  Drone  
  13  0:21  Drone  
  13  0:26  Extractor, Drone  
  15  0:47  Hatchery  
  14  0:51  Extractor  
  14  0:52  Drone  
  15  0:57  Overlord  
  15  1:12  Spawning Pool  
  15  1:16  Drone  
  15  1:19  Drone  
  15  1:23  Drone  
  17  1:27  Drone  
  18  1:37  Extractor, Drone  
  18  1:48  Drone  
  19  1:58  Drone  
  19  1:59  Drone, Queen  
  23  2:02  Queen  
  25  2:09  Drone  
  25  2:12  Overlord  
  26  2:21  Drone x2  
  28  2:32  Drone x2  
  28  2:35  Queen  
  32  2:40  Queen  
  34  2:45  Overlord  
  34  2:47  Drone  
  35  2:52  Drone  
  36  2:58  Roach Warren  
  36  2:59  Drone  
  36  3:04  Drone x2  
  38  3:07  Drone x2  
  38  3:09  Drone  
  41  3:14  Drone x2  
  41  3:17  Drone  
  44  3:22  Lair  
  44  3:27  Overlord  
  44  3:33  Extractor, Drone, Evolution Chamber  
  44  3:34  Extractor, Drone  
  44  3:35  Drone  
  44  3:45  Drone x4  
  44  3:46  Evolution Chamber  
  44  3:48  Drone  
  48  3:50  Drone  
  50  3:55  Drone  
  50  3:56  Drone  
  50  3:58  Overlord  
  50  3:59  Zerg Missile Weapons Level 1  
  51  4:04  Overlord  
  51  4:08  Overlord  
  51  4:14  Overlord  
  51  4:21  Roach x4  
  51  4:23  Overseer  
  59  4:31  Glial Reconstitution  
  59  4:37  Hatchery  
  60  4:38  Roach x2  
  60  4:43  Roach x2  
  66  5:03  Nydus Network  
  66  5:04  Roach  
  66  5:05  Roach, Queen x2  
  73  5:09  Roach  
  73  5:13  Roach  
  78  5:15  Overlord  
  78  5:18  Overlord, Drone  
  78  5:19  Roach x2  
  78  5:20  Overlord  
  83  5:31  Overlord  
  83  5:32  Overlord  
  83  5:34  Roach x2  
  87  5:40  Overlord  
  87  5:41  Roach x4  
  95  5:47  Roach x2  
  99  5:50  Nydus Canal  
  99  5:58  Roach x2  
  99  6:02  Drone  
  104  6:10  Nydus Canal  
  104  6:11  Roach  
  106  6:20  Spore Crawler  
  106  6:21  Spore Crawler  
  106  6:24  Roach x5, Spore Crawler  
  113  6:33  Drone  
  113  6:35  Queen x2  
  113  6:37  Extractor  
  117  6:40  Roach x3  
  123  7:00  Drone x2  
  125  7:02  Spore Crawler  
  125  7:03  Spore Crawler  
  125  7:04  Drone x2  
  125  7:06  Spore Crawler  
  124  7:09  Ravager x2  
  124  7:14  Spore Crawler  
  125  7:16  Drone x2  
  125  7:19  Queen  
  125  7:22  Ravager  
  132  7:30  Overlord, Roach  
Show
View Real Time Build Order
Export as new Build Order

A.I. 1 (Very Easy) Zerg 

Build Orders: Pool Only 

Get SALT Encoding   

  1  0:00  Overlord, Drone x12  
  13  0:07  Unknown x3  
  13  0:09  Drone  
  13  0:20  Drone  
  14  0:29  Overlord  
  14  0:48  Drone x3  
  17  1:23  Overlord  
  17  2:11  Spawning Pool  
  16  2:59  Zergling x2, Drone  
  16  3:00  Queen  
  20  3:10  Drone  
  22  3:27  Zergling x2  
  22  3:31  Drone  
  23  3:42  Overlord  
  22  3:55  Zergling x2  
  22  4:03  Drone  
  23  4:10  Drone  
  24  4:22  Zergling x2  
  23  4:31  Drone  
  23  4:38  Drone  
  23  4:43  Overlord  
  23  4:50  Zergling x2  
  24  5:02  Overlord  
  24  5:05  Drone  
  23  5:18  Zergling x2  
  24  5:26  Drone  
  23  5:46  Zergling x2  
  22  6:14  Zergling x2, Drone  
  22  6:21  Drone  
  21  6:28  Drone  
  21  6:30  Roach Warren  
  21  6:35  Drone  
  20  6:42  Zergling x2  
  20  6:43  Drone  
  22  6:50  Drone  
  23  6:55  Queen  
  23  7:10  Zergling x2  
  23  7:16  Overlord, Drone  
Tags
 
League
Master
Matchup
ZvZ
Player
Lambo
Race
Zerg
Spawn Locations
Cross Positions
Strategy
Roach Nydus
Add a new tag
Caveats
  • Supply blocks, unpowered buildings, or Contaminate may cause inaccurate times.
  • Supply counts are checked every 10 seconds.